 Dungeon Crawl Stone Soup version 0.18.1-8-gdd0e5ea (console) character file.

70 2d6 the Skirmisher (level 4, -6/36 HPs)
             Began as a Human Wanderer on May 22, 2016.
             Was an Initiate of Ru.
             Mangled by volde25's ghost (8 damage)
             ... on level 3 of the Dungeon.
             The game lasted 00:07:39 (1444 turns).

2d6 the Skirmisher (Human Wanderer)                 Turns: 1444, Time: 00:07:39

Health: -6/36      AC:  6    Str: 12    XL:     4   Next: 44%
Magic:  4/4        EV: 10    Int: 11    God:    Ru [......]
Gold:   90         SH:  0    Dex: 15    Spells: 0 memorised, 3 levels left

rFire  . . .     SeeInvis .     a - +2 spear
rCold  . . .     Gourm    .     c - +0 ring mail
rNeg   . . .     Faith    .     (no shield)
rPois  .         Spirit   .     (no helmet)
rElec  .         Dismiss  .     i - +0 cloak
rCorr  .         Reflect  .     (no gloves)
SustAt .         Harm     .     (no boots)
MR     .....                    (no amulet)
Stlth  +.........               (no ring)
                                (no ring)

@: not resistant to hostile enchantments, very unstealthy
A: disrupted magic 1
a: Renounce Religion


You were on level 3 of the Dungeon.
You worshipped Ru.
Ru was noncommittal.
You were not hungry.

You visited 1 branch of the dungeon, and saw 3 of its levels.

You collected 90 gold pieces.

Inventory:

Hand Weapons
 a - a +2 spear (weapon)
 n - a +0 hunting sling
Missiles
 g - 50 poisoned needles
 u - 6 tomahawks (quivered)
Armour
 c - a +0 ring mail (worn)
 i - a +0 cloak (worn)
Scrolls
 e - a scroll of amnesia
 m - a scroll of fear {unknown}
 t - 2 scrolls of immolation
Potions
 b - 2 potions of curing
 h - a potion of might {unknown}
 k - a potion of brilliance {unknown}
 q - a potion of invisibility
 s - a potion of flight {unknown}
Comestibles
 d - a bread ration
 l - 2 slices of pizza
 o - 2 meat rations
 p - 6 fruits


   Skills:
 + Level 3.6 Fighting
 + Level 3.0 Polearms
 - Level 1.0 Throwing
 + Level 3.0 Armour
 - Level 1.0 Dodging
 - Level 1.0 Stealth


You had 3 spell levels left.
You didn't know any spells.

Dungeon Overview and Level Annotations

Branches:
Dungeon (3/15)

Altars:
Cheibriados
Ru
Zin

Annotations:
D:3 volde25's ghost, weakling FeBe


Innate Abilities, Weirdness & Mutations

Your casting is slightly disrupted.


Message History

Volde25's ghost is heavily damaged.
Volde25's ghost barely misses you.
You barely miss volde25's ghost.
Volde25's ghost is heavily damaged.
Volde25's ghost hits you!
* * * LOW HITPOINT WARNING * * *
You miss volde25's ghost.
Volde25's ghost is heavily damaged.
Volde25's ghost hits you!
* * * LOW HITPOINT WARNING * * *
Press: ? - help, v - describe, . - travel
Here: volde25's ghost (heavily damaged)
The floor.
You closely miss volde25's ghost.
Volde25's ghost is heavily damaged.
Volde25's ghost closely misses you.
You hit volde25's ghost.
Volde25's ghost is severely damaged.
Volde25's ghost hits you!
You die...

.# #########.#
..........######
#............
#.###.######
#.###.# #.....#
.
#####.######...
#..@#.......
#...W.....#
#...#.##..#
#...#.# #...#.#
##+##.# .. ##


You could see volde25's ghost.

Vanquished Creatures
  An adder (D:2)
  2 oozes
  A worm (D:2)
  A dart slug (D:2)
  6 giant geckos
  3 orcs (D:3)
  9 bats
  2 giant cockroaches (D:1)
  3 goblins
  3 hobgoblins (D:1)
  3 kobolds
  4 rats
38 creatures vanquished.

Notes
Turn   | Place    | Note
--------------------------------------------------------------
     0 | D:1      | 2d6 the Human Wanderer began the quest for the Orb.
     0 | D:1      | 2d6 set off with: a +2 spear, a potion of curing, a +0 ring mail, a bread ration
     0 | D:1      | Reached XP level 1. HP: 18/18 MP: 1/1
   138 | D:1      | Reached XP level 2. HP: 24/24 MP: 2/2
   381 | D:1      | Reached XP level 3. HP: 29/29 MP: 3/3
   738 | D:2      | Found a faded altar to an unknown god.
   745 | D:2      | Became a worshipper of Ru the Awakened
   758 | D:2      | Gained mutation: Your casting is slightly disrupted. [Ru sacrifice]
   763 | D:2      | Found a sacrificial altar of Ru.
   775 | D:2      | Reached XP level 4. HP: 35/35 MP: 4/4
   815 | D:2      | Found a snail-covered altar of Cheibriados.
  1026 | D:2      | Found a glowing silver altar of Zin.
  1434 | D:3      | Noticed volde25's ghost (weakling FeBe)
  1444 | D:3      | Mangled by volde25's ghost

Skill      XL: |  1  2  3  4 |
---------------+-------------+-----
Polearms       | 3 |  3.0
Armour         | 3 |  3.0
Fighting       | |  3.6
Throwing       | |  1.0
Dodging        | |  1.0
Stealth        | |  1.0

Action                   |  1- 3 |  4- 6 || total
-------------------------+-------+-------++-------
Melee: Spear             |    69 |    65 ||   134
Invok: Sacrifice Essence |     1 |       ||     1
  Use: Scroll            |       |     4 ||     4
       Potion            |       |     2 ||     2
  Eat: Beef jerky        |       |     1 ||     1
Armor: Ring mail         |    16 |    24 ||    40
Dodge: Dodged            |    28 |    42 ||    70

Vault maps used:
D:1:      minmay_arrival_jagged, nrook_mini_backslash
D:2:      kennysheep_slug_shrine, zin_scriptorium, ecumenical_altar_1,
          nicolae_ru_sacrificial_ziggurat
D:3:      demons_altar
